 Dungeon Crawl Stone Soup version 0.31-a0-1072-g202bf7ea07 (webtiles) character file.

Game seed: 15176453416360419559

143 Baz the Twirler (level 5, -1/40 HPs)
             Began as a Demonspawn Gladiator on Nov 26, 2023.
             Asphyxiated
             ... on level 4 of the Dungeon.
             The game lasted 00:04:06 (2360 turns).

Baz the Twirler (Demonspawn Gladiator)              Turns: 2360, Time: 00:04:07

Health: -1/40      AC:  8    Str: 22    XL:     5   Next: 4%
Magic:  5/5        EV: 12    Int: 10    God:
Gold:   104        SH:  0    Dex: 14    Spells: 4/4 levels left

rFire   . . .        a - +0 quarterstaff
rCold   . . .        (shield currently unavailable)
rNeg    . . .        b - +0 leather armour
rPois   .            c - +0 helmet
rElec   .            (no cloak)
rCorr   .            (no gloves)
SInv    .            n - +0 pair of boots
Will    .....        (no amulet)
Stlth   +            j - +6 ring of strength
HPRegen 0.26/turn    (no ring)
MPRegen 0.09/turn

%: no passive effects
@: lethally poisoned (-1 -> -30), slowed, very slow
A: slimy green scales 2, ignite blood 1
a: no special abilities


You were on level 4 of the Dungeon.
You visited 1 branch of the dungeon, and saw 4 of its levels.

You collected 104 gold pieces.

Inventory:

Hand Weapons
 a - a +0 quarterstaff (weapon)
Missiles
 d - 3 throwing nets (quivered)
 e - 4 javelins
Armour
 b - a +0 leather armour (worn)
 c - a +0 helmet (worn)
 n - a +0 pair of boots (worn)
Jewellery
 j - a +6 ring of strength (left hand)
Scrolls
 i - 5 scrolls of identify {unknown}
 p - a scroll of teleportation {unknown}
 q - a scroll of poison {unknown}
Potions
 f - 2 potions of mutation {unknown}
 g - 2 potions of curing {unknown}
 h - a potion of attraction {unknown}
 k - a potion of haste {unknown}
 l - a potion of heal wounds {unknown}
 m - a potion of brilliance {unknown}
 o - 2 potions of lignification {unknown}


   Skills:
 + Level 2.9 Fighting
 * Level 3.9 Staves
 - Level 1.7 Throwing
 * Level 1.6 Armour
 - Level 3.3 Dodging


You had 4 spell levels left.
You didn't know any spells.
Your spell library contained the following spells:

 Spells                   Type           Power      Damage    Failure   Level
 Summon Ice Beast         Ice/Summ       0%         N/A       99%         4
 Summon Mana Viper        Hex/Summ       0%         N/A       100%        5
 Monstrous Menagerie      Summ           0%         N/A       100%        7


Dungeon Overview and Level Annotations

Branches:
Dungeon (4/15) Zot: 21573
 Temple: D:4-7

Altars:

Shops:
D:1 =   D:3 [


Innate Abilities, Weirdness & Mutations

You are mostly covered in slimy green scales. (AC +3)
Your demonic aura sometimes causes spilled blood to erupt in flames.


Message History

The scorpion is almost dead.
The scorpion stings you but does no damage.
The scorpion stings you.
You are poisoned.
The scorpion poisons you!
You barely miss the scorpion.
The scorpion is almost dead.
You feel sick. The scorpion closely misses you.
You hit the scorpion.
You kill the scorpion!
You feel sick.
You have reached level 5!
You start resting.
You feel sick. x4
You are no longer poisoned.
You start resting.
HP restored.
q - a scroll labelled XAACIT GYOSS
Things that are here:
a +0 club; a +0 sling A kobold brigand comes into view.
It is wielding a +0 whip and quivering curare-tipped darts.
Found a scroll labelled IQOYNU BEDA.
A kobold brigand is nearby!
A kobold brigand is nearby!
The kobold brigand throws a curare-tipped dart.
The curare-tipped dart hits you.
You are poisoned.
You have difficulty breathing.
You feel yourself slow down.
You feel very sick.
The kobold brigand throws a curare-tipped dart.
The curare-tipped dart hits you.
You are more poisoned.
You have difficulty breathing.
You feel as though you will be slow longer.
* * * LOW HITPOINT WARNING * * *
You feel extremely sick.
The kobold brigand throws a curare-tipped dart.
The curare-tipped dart hits you.
You are more poisoned.
You have difficulty breathing.
You die...

..#.. .... . ##... ..#...> .≈
S...... ♣.. ..... .(♣ #..####
... #. #...).###.## #..
###.@..#...# . .#..##
#........# .#
......##........# #.#
...........)........##..#
....................[#..#
........................# #
.....K........K......#..##.#.
........##.#.......[.#.......
.?..#..####.........#....#


You could see a kobold brigand.

Vanquished Creatures
  A scorpion (D:4)
  2 adders
  2 worms (D:2)
  An orc (D:3)
  2 bats
  6 endoplasms
  3 giant cockroaches (D:1)
  5 goblins
  8 hobgoblins
  4 jackals (D:3)
  3 kobolds
  3 quokkas
  7 ball pythons
  2 frilled lizards
  5 rats
54 creatures vanquished.

Notes
Turn   | Place    | Note
-------+----------+-------------------------------------------
     0 | D:1      | Baz the Demonspawn Gladiator began the quest for the Orb.
     0 | D:1      | Reached XP level 1. HP: 16/16 MP: 1/1
   175 | D:1      | Gained mutation: Your demonic aura sometimes causes spilled
                  | blood to erupt in flames. [demonic ancestry]
   175 | D:1      | Reached XP level 2. HP: 22/22 MP: 2/2
   193 | D:1      | Found Cazusoa's Jewellery Boutique.
   894 | D:2      | Gained mutation: You are partially covered in slimy green
                  | scales. (AC +2) [demonic ancestry]
   894 | D:2      | Reached XP level 3. HP: 21/28 MP: 3/3
   931 | D:2      | Reached skill level 1 in Armour
  1863 | D:3      | Found Huliylye's Antique Armour Shop.
  2116 | D:3      | Gained mutation: You are mostly covered in slimy green
                  | scales. (AC +3) [demonic ancestry]
  2116 | D:3      | Reached XP level 4. HP: 30/34 MP: 4/4
  2262 | D:4      | Noticed a scorpion
  2272 | D:4      | Killed a scorpion
  2273 | D:4      | Reached XP level 5. HP: 27/40 MP: 5/5
  2360 | D:4      | Asphyxiated

Illustrated notes

Levels and vault maps discovered:
D:1:      erik_arrival_cave_to_civilisation [erik_arrival_cave_to_hall],
          layout_basic, serial_shops, nicolae_shop_rolling_square, serial_bayou,
          serial_bayou_crossing, serial_bayou_lake_a, serial_bayou_pond_a,
          serial_bayou_pond_c
D:2:      layout_basic, serial_corexii_hall, corexii_hall_statues_x,
          chequers_hall_statues_corner_a, minmay_misc_feat_tower
D:3:      layout_rooms, serial_shops, nicolae_shop_trees
D:4:      layout_cave_pools, mainiacjoe_overflow_paths

Skill      XL: |  1  2  3 |
---------------+----------+-----
Staves         | 3 |  3.9
Armour         | 1 |  1.6
Dodging        | 3 |  3.3
Fighting       | |  2.9
Throwing       | |  1.7

Action                     |  1- 3 |  4- 6 || total
---------------------------+-------+-------++-------
  Melee: Quarterstaff      |   125 |    22 ||   147
   Stab: Sleeping          |     1 |       ||     1
 Armour: Leather armour    |    68 |    27 ||    95
  Dodge: Dodged            |    77 |    33 ||   110

Table legend: (Time is in decaauts)
 A = Elapsed time spent in this place.
 B = Non-inter-level travel time spent in this place.
 C = Inter-level travel time spent in this place.
 D = Time resting spent in this place.
 E = Time spent auto-exploring this place.
 F = Levels seen in this place.
 G = Mean time per level.
                   A        B        C        D        E       F      G
               +--------+--------+--------+--------+--------+-----+--------+
         Total |   2424 |   2293 |    131 |    221 |   1574 |   4 |  606.0 |
       Dungeon |   2424 |   2293 |    131 |    221 |   1574 |   4 |  606.0 |
               +--------+--------+--------+--------+--------+-----+--------+

Top non-repeatable levels by time:
     D:1: 931 daAuts
     D:2: 789 daAuts
     D:3: 485 daAuts
     D:4: 218 daAuts
